 Dungeon Sprint DCSS version 0.30-a0-956-gcec3b41aec (webtiles) character file.

Game seed: 8500192184049251486

9566 sircluck the Severer (level 11, -7/183 HPs)
             Began as a Hill Orc Berserker on Mar 29, 2023.
             Was the Champion of Trog.
             Mangled by a snapping turtle (19 damage)
             ... in the Dungeon (Sprint VII: "The Pits").
             The game lasted 00:10:55 (2337 turns).

sircluck the Severer (Hill Orc Berserker)           Turns: 2337, Time: 00:10:56

Health: -7/183     AC: 19    Str: 28    XL:     11   Next: 48%
Magic:  3/3        EV: 12    Int:  7    God:    Trog [******]
Gold:   17         SH:  0    Dex: 13    Spells: 10/10 levels left

rFire   . . .      SeeInvis .    N - +5 battleaxe (antimagic)
rCold   . . .      Faith    .    (shield currently unavailable)
rNeg    . . .      Spirit   .    q - +3 chain mail
rPois   .          Reflect  .    (no helmet)
rElec   .          Rampage  .    J - +0 cloak
rCorr   .          NoTele   +    (no gloves)
Will    .....                    y - +0 pair of boots Stlth
                                 (no amulet)
HPRegen 0.50/turn                w - +3 ring of dexterity
MPRegen 0.08/turn                j - +3 ring of strength

@: berserking, very quick
A: no striking features
a: Renounce Religion, Berserk, Trog's Hand, Brothers in Arms


You were in the Dungeon.
You worshipped Trog.
Trog was exalted by your worship.
You visited 1 branch You collected 17 gold pieces.

Inventory:

Hand Weapons
 a - a +0 hand axe
 n - a +2 hand axe
 o - a +2 mace
 p - a +1 hand axe of freezing
 s - a +5 lajatang of flaming
 u - a +3 glaive
 A - the +5 scythe "Finisher" {speed, eviscerate}
   (You found it in the Dungeon)
 B - a +1 heavy broad axe
 D - the +2 dire flail "Hathrax" {freeze, rC+ Str+4}
   (You found it in the Dungeon)

   Str:       It affects your strength (+4).
   rC:        It protects you from cold.
 E - a +4 quarterstaff of speed
 F - a +2 rapier of distortion
 G - a +2 scimitar of flaming
 I - a +2 vampiric short sword
 K - a +1 battleaxe
 L - a +0 arbalest
 M - a +3 dagger
 N - a +5 antimagic battleaxe (weapon)
Missiles
 m - 10 stones (quivered)
Armour
 b - a +0 animal skin
 q - a +3 chain mail (worn)
 r - a +3 chain mail
 t - a +2 robe of willpower
 x - a +0 cloak
 y - a +0 pair of boots (worn)
 z - a +3 plate armour
 J - a +0 cloak (worn)
Jewellery
 j - a +3 ring of strength (right hand)
 w - a +3 ring of dexterity (left hand)
Wands
 H - a wand of iceblast (5)
Scrolls
 h - a scroll of blinking
 k - 5 scrolls of amnesia
 l - 2 scrolls of vulnerability
Potions
 c - 7 potions of curing
 d - 8 potions of heal wounds
 e - a potion of haste
 f - 4 potions of magic
 g - 5 potions of berserk rage
 i - 2 potions of invisibility
 v - a potion of might
 C - 2 potions of mutation


   Skills:
 + Level 19.1 Fighting
 + Level 20.9 Axes
 + Level 15.0 Armour
 + Level 7.0 Dodging
 + Level 2.7 Stealth


You had 10 spell levels left.
You didn't know any spells.
Your spell library was empty.

Dungeon Overview and Level Annotations

Branches:
Dungeon (1/1)

Altars:
Ashenzari
Cheibriados
Dithmenos
Elyvilon
Fedhas
Gozag
Hepliaklqana
Kikubaaqudgha
Makhleb
Nemelex Xobeh
Okawaru
Qazlal
Ru
Sif Muna
Trog
Uskayaw
Vehumet
Wu Jian
Xom
Yredelemnul
Zin
The Shining One
Beogh
Jiyva
Lugonu


Message History

The blink frog hits you but does no damage.
You miss the blink frog.
The blink frog is lightly wounded.
You are engulfed in a cloud of scalding steam.
The blink frog hits you!
* * * LOW HITPOINT WARNING * * *
The snapping turtle barely misses you.
The blink frog is engulfed in a cloud of scalding steam.
The blink frog dies!
You closely miss the blink frog.
The blink frog is lightly wounded.
You are engulfed in a cloud of scalding steam.
* * * LOW HITPOINT WARNING * * *
The blink frog hits you!
* * * LOW HITPOINT WARNING * * *
You slice the phantasmal warrior!!
The phantasmal warrior's magic leaks into the air.
The phantasmal warrior is heavily damaged.
You slash the blink frog!
The blink frog's magic leaks into the air.
You are engulfed in a cloud of scalding steam.
The snapping turtle barely misses you.
You carve the phantasmal warrior like a ham!!!
You feel the power of Trog in you as your rage grows.
You destroy the phantasmal warrior!
Trog accepts your kill.
You slash the blink frog!
The blink frog's magic leaks into the air.
You are engulfed in a cloud of scalding steam.
The blink frog falters for a moment.
Your Fighting skill increases to level 19!
Your Dodging skill increases to level 7!
You slash the blink frog!
You kill the blink frog!
Trog accepts your kill.
The snapping turtle bites you from afar!
* * * LOW HITPOINT WARNING * * *
Your Armour skill increases to level 15!
The snapping turtle bites you!!
You die...

########### ##
#.........# ..+
##.......## #.##
####...###########...###
#..'...'..##..##.......#
...##+##.....##.t.......
..##...##.†..#††@.......
..+....)†....').........
..##...##....#.)........
...##+##.....##.........
#..'...'..##..##.......#
####...###########...###
##.......## #.##
#.........# ..+
########### ##


You could see a snapping turtle.

Vanquished Creatures
  A sun demon (D)
  A sea snake (D)
  A phantasmal warrior (D)
  An elephant (D)
  Maurice (D)
  2 smoke demons (D)
  A komodo dragon (D)
  A yaktaur (D)
  An ice devil (D)
  A hellwing (D)
  A troll (D)
  2 hornets (D)
  3 blink frogs (D)
  A flying skull (D)
  2 shadows (D)
  A wyvern (D)
  A redback (D)
  2 wargs (D)
  A sky beast (D)
  4 wolves (D)
  3 centaurs (D)
  Blork the orc (D)
  A gnoll sergeant (D)
  3 bullfrogs (D)
  2 scorpions (D)
  2 jellies (D)
  An orc priest (D)
  A hound (D)
  An iron imp (D)
  An orc wizard (D)
  An adder (D)
  6 gnolls (D)
  3 orcs (D)
  A ball python (D)
  A bat zombie (D)
  2 giant cockroaches (D)
  A goblin (D)
  5 jackals (D)
  3 quokkas (D)
  A frilled lizard (D)
  A kobold (D)
  A rat (D)
71 creatures vanquished.

Vanquished Creatures (collateral kills)
  2 boulder beetles (D)
  A lindwurm (D)
  An unseen horror (D)
  A rime drake (D)
  An acid dragon (D)
  A jackal (D)
7 creatures vanquished.

Vanquished Creatures (others)
  A blink frog (D)
1 creature vanquished.

Grand Total: 79 creatures vanquished

Notes
Turn   | Place    | Note
-------+----------+-------------------------------------------
     0 | D        | sircluck the Hill Orc Berserker began the quest for the
                  | Orb.
     0 | D        | Reached XP level 1. HP: 19/19 MP: 1/1
    22 | D        | Noticed a scorpion
    28 | D        | Killed a scorpion
    29 | D        | Reached skill level 7 in Axes
    29 | D        | Reached XP level 2. HP: 22/31 MP: 2/2
    29 | D        | Reached XP level 3. HP: 28/38 MP: 3/3
    55 | D        | Found a bloodstained altar of Trog.
    55 | D        | Found a shimmering blue altar of Sif Muna.
    55 | D        | Found a viscous altar of Jiyva.
    55 | D        | Found a hazy altar of Hepliaklqana.
    55 | D        | Found an opulent altar of Gozag.
    56 | D        | Found a glowing golden altar of the Shining One.
    56 | D        | Found a glowing silver altar of Zin.
    56 | D        | Found a basalt altar of Yredelemnul.
    56 | D        | Found a shimmering altar of Xom.
    56 | D        | Found an ornate altar of the Wu Jian Council.
    56 | D        | Found a sacrificial altar of Ru.
    56 | D        | Found a stormy altar of Qazlal.
    56 | D        | Found an iron altar of Okawaru.
    56 | D        | Found a sparkling altar of Nemelex Xobeh.
    56 | D        | Found a burning altar of Makhleb.
    56 | D        | Found a blossoming altar of Fedhas.
    56 | D        | Found a white marble altar of Elyvilon.
    56 | D        | Found a shadowy altar of Dithmenos.
    56 | D        | Found a snail-covered altar of Cheibriados.
    58 | D        | Found a radiant altar of Vehumet.
    58 | D        | Found a corrupted altar of Lugonu.
    58 | D        | Found a roughly hewn altar of Beogh.
    60 | D        | Found an ancient bone altar of Kikubaaqudgha.
    60 | D        | Found a hide-covered altar of Uskayaw.
    60 | D        | Found a broken altar of Ashenzari.
   139 | D        | Reached XP level 4. HP: 45/45 MP: 4/4
   140 | D        | Reached ** piety under Trog
   399 | D        | Reached *** piety under Trog
   416 | D        | Reached skill level 8 in Axes
   568 | D        | Noticed Blork the orc
   568 | D        | Noticed a warg
   572 | D        | Noticed a gnoll sergeant
   582 | D        | Reached **** piety under Trog
   583 | D        | Reached skill level 9 in Axes
   583 | D        | Reached XP level 5. HP: 53/53 MP: 5/5
   588 | D        | Killed Blork the orc
   589 | D        | Reached skill level 10 in Axes
   592 | D        | Killed a warg
   593 | D        | Reached skill level 10 in Fighting
   593 | D        | Reached skill level 11 in Axes
   593 | D        | Reached XP level 6. HP: 66/66 MP: 6/6
   595 | D        | Reached skill level 5 in Armour
   602 | D        | Reached ***** piety under Trog
   603 | D        | Reached skill level 12 in Axes
   606 | D        | Received a gift from Trog
   614 | D        | Reached XP level 7. HP: 5/74 MP: 7/7
   818 | D        | Noticed a boulder beetle
   927 | D        | Killed a boulder beetle
   928 | D        | Reached skill level 14 in Axes
   928 | D        | Reached skill level 5 in Dodging
   928 | D        | Reached XP level 8. HP: 18/85 MP: 8/8
  1139 | D        | Reached skill level 15 in Axes
  1161 | D        | Noticed a boulder beetle
  1173 | D        | Received a gift from Trog
  1175 | D        | HP: 3/86 [boulder beetle (46)]
  1188 | D        | Killed a boulder beetle
  1189 | D        | Reached skill level 16 in Axes
  1189 | D        | Reached XP level 9. HP: 21/95 MP: 9/9
  1194 | D        | Found the +5 scythe "Finisher" {speed, eviscerate}
  1251 | D        | Got the +2 dire flail "Hathrax" {freeze, rC+ Str+4}
  1396 | D        | Noticed Maurice
  1401 | D        | Killed Maurice
  1402 | D        | Reached skill level 1 in Stealth
  1405 | D        | Reached skill level 17 in Axes
  1405 | D        | Reached skill level 10 in Armour
  1429 | D        | Noticed a rime drake
  1432 | D        | Killed a rime drake
  1433 | D        | Reached skill level 15 in Fighting
  1444 | D        | Noticed a lindwurm
  1445 | D        | Killed an unseen horror
  1449 | D        | Killed a lindwurm
  1450 | D        | Reached skill level 18 in Axes
  1450 | D        | Reached XP level 10. HP: 74/107 MP: 10/10
  1475 | D        | Received a gift from Trog
  1757 | D        | Reached skill level 19 in Axes
  1778 | D        | Reached ****** piety under Trog
  1779 | D        | Noticed an elephant
  1783 | D        | Paralysed by a hornet for 3 turns
  1790 | D        | Killed an elephant
  2291 | D        | Received a gift from Trog
  2310 | D        | Noticed a sea snake
  2310 | D        | Noticed a smoke demon
  2311 | D        | Noticed a smoke demon
  2313 | D        | Noticed a phantasmal warrior
  2314 | D        | Noticed a sun demon
  2319 | D        | Reached XP level 11. HP: 118/118 MP: 3/11
  2321 | D        | Killed a sea snake
  2322 | D        | Reached skill level 20 in Axes
  2324 | D        | Received a gift from Trog
  2329 | D        | Killed a sun demon
  2335 | D        | Killed a phantasmal warrior
  2337 | D        | Reached skill level 15 in Armour
  2337 | D        | Mangled by a snapping turtle

Illustrated notes

Levels and vault maps discovered:
D:        pitsprint [storerooms_1, entrance_room_1, metal_vault_2, armoury_3,
          mini_pit_1, grid_room_1, main_hall_1, silver_pit, the_coven_3,
          the_vestibule_1, steel_vault_2, golden_pit, hallway_of_sentries,
          crystal_vault_6, iron_vault_4, final_vault]

Skill      XL: |  1  2  3  4  5  6  7  8  9 10 11 |
---------------+----------------------------------+-----
Fighting       | 6 8 10 11 12 14 15 17 19 | 19.1
Axes           | 7 9 11 12 14 16 18 19 20 | 20.9
Armour         | 3 4 5 7 9 11 13 15 | 15.0
Dodging        | 2 3 4 5 6 7 |  7.0
Stealth        | 1 2 |  2.7

Action                     |  1- 3 |  4- 6 |  7- 9 | 10-12 || total
---------------------------+-------+-------+-------+-------++-------
  Melee: Hand axe          |     4 |    63 |    71 |       ||   138
         Punch             |       |       |     1 |       ||     1
         Broad axe         |       |       |     7 |    49 ||    56
         Battleaxe         |       |       |       |    22 ||    22
 Invoke: Berserk           |     2 |     1 |     4 |     1 ||     8
         Brothers in Arms  |       |       |     3 |       ||     3
    Use: Potion            |       |       |     2 |     1 ||     3
         Scroll            |       |       |     1 |       ||     1
 Armour: Chain mail        |       |    13 |    41 |    57 ||   111
         Animal skin       |       |     3 |       |       ||     3
  Dodge: Dodged            |     2 |    23 |    24 |    50 ||    99

Table legend: (Time is in decaauts)
 A = Elapsed time spent in this place.
 B = Non-inter-level travel time spent in this place.
 C = Inter-level travel time spent in this place.
 D = Time resting spent in this place.
 E = Time spent auto-exploring this place.
 F = Levels seen in this place.
 G = Mean time per level.
                   A        B        C        D        E       F      G
               +--------+--------+--------+--------+--------+-----+--------+
         Total |   2372 |   2218 |    154 |   1530 |      0 |   1 | 2372.0 |
       Dungeon |   2372 |   2218 |    154 |   1530 |      0 |   1 | 2372.0 |
               +--------+--------+--------+--------+--------+-----+--------+

Top non-repeatable levels by time:
       D: 2372 daAuts
